 Dungeon Crawl Stone Soup version 0.22.0-25-g7663229 (webtiles) character file.

12065 iamserjio the Cleaver (level 11, -6/73 HPs)
             Began as a Gargoyle Berserker on Aug 20, 2018.
             Was an Elder of Trog.
             Killed from afar by a ynoxinul (8 damage)
             ... with an iron shot
             ... summoned by an orc high priest
             ... on level 1 of the Orcish Mines.
             The game lasted 00:33:21 (3412 turns).

iamserjio the Cleaver (Gargoyle Berserker)          Turns: 3412, Time: 00:33:22

Health: -6/73      AC: 23    Str: 28    XL:     11   Next: 87%
Magic:  12/12      EV:  9    Int: 13    God:    Trog [****..]
Gold:   461        SH:  0    Dex: 12    Spells: 10/10 levels left

rFire    . . .     SeeInvis .   A - +0 battleaxe
rCold    + . .     Gourm    .   (shield currently unavailable)
rNeg     + . .     Faith    .   u - +0 chain mail
rPois    ∞         Spirit   .   (no helmet)
rElec    +         Reflect  .   (no cloak)
rCorr    .         Harm     .   y - +0 pair of gloves
MR       .....                  g - +1 pair of boots
Stlth    ..........             G - amulet of regeneration
HPRegen  0.62/turn              f - ring of Feunacsa {rC+ Str+3 Int+5}
MPRegen  0.13/turn              I - +4 ring of strength

@: berserk cooldown, slowed, very slow
A: negative energy resistance 1, electricity resistance, unbreathing,
petrification resistance, rot immunity, AC +8
a: Berserk, Trog's Hand, Brothers in Arms, Renounce Religion


You were on level 1 of the Orcish Mines.
You worshipped Trog.
Trog was greatly pleased with you.
You were near starving.

You visited 2 branches of the dungeon, and saw 13 of its levels.
You also visited: Labyrinth.

You collected 461 gold pieces.

Inventory:

Hand Weapons
 i - a +0 war axe
 j - a +0 morningstar of holy wrath
 k - a +2 whip of electrocution
 t - a cursed -3 hand axe
 A - a +0 battleaxe (weapon)
 D - a +2 flail of holy wrath
 L - a +0 morningstar of protection
Missiles
 E - 10 poisoned javelins (quivered)
Armour
 g - a +1 pair of boots (worn)
 h - a -1 scale mail
 u - a +0 chain mail (worn)
 y - a +0 pair of gloves (worn)
Jewellery
 b - an uncursed ring of poison resistance
 d - an uncursed amulet of magic regeneration
 f - the ring of Feunacsa (left hand) {rC+ Str+3 Int+5}
   (You found it on level 5 of the Dungeon)

   [ring of strength]

   It affects your strength (+3).
   It affects your intelligence (+5).
   It protects you from cold.
 w - an uncursed ring of flight
 x - an uncursed ring of ice
 G - an amulet of regeneration (around neck)
 I - a +4 ring of strength (right hand)
Wands
 F - a wand of paralysis (24)
Scrolls
 a - 2 scrolls of teleportation
 e - 2 scrolls of remove curse {@r2}
 l - 2 scrolls of immolation
 m - a scroll of fog
 q - 2 scrolls of fear
 v - a scroll of random uselessness {unknown}
 z - a scroll of enchant weapon
 H - a scroll of blinking
 J - a scroll of magic mapping
Potions
 n - 2 potions of brilliance
 o - a potion of flight
 p - 2 potions of resistance
 r - 2 potions of heal wounds
 C - a potion of haste
Comestibles
 c - 15 rations
 s - 4 chunks of flesh


   Skills:
 + Level 10.6 Fighting
 * Level 12.1 Axes
 + Level 10.3 Armour
 - Level 1.5 Dodging
 - Level 2.0 Evocations


You had 10 spell levels left.
You didn't know any spells.
Your spell library was empty.

Dungeon Overview and Level Annotations

Branches:
Dungeon (12/15)            Temple (0/1) D:7            Lair (0/6) D:8
    Orc (1/2) D:12

Altars:
Dithmenos
Makhleb
Qazlal
Sif Muna
Uskayaw
Zin
The Shining One

Shops:
D:9 [

Annotations:
D:4 2 transporters
D:12 Sonja


Innate Abilities, Weirdness & Mutations

You are resistant to torment.
Your stone body is resilient. (AC +8)
You are immune to poison.
You resist negative energy. (rN+)
You are resistant to electric shocks. (rElec)
You can survive without breathing.
You are immune to petrification.
You are immune to rotting.


Message History

The orc wizard mumbles some strange words.
The orc wizard blinks!
The soul eater hits you!
* * * LOW HITPOINT WARNING * * *
An orc warrior comes into view. It is wielding a scimitar.
An ogre comes into view. It is wielding a giant club.
Things that are here:
a dagger; a robe The orc priest begins to cast a cantrip, but forgets the words!
The soul eater hits you but does no damage.
An orc warrior comes into view. It is wielding an enchanted scimitar.
The ynoxinul gestures.
There is a staircase back to the Dungeon here.
The soul eater hits you.
* * * LOW HITPOINT WARNING * * *
The orc weeps quietly.
The orc warrior hits you with a scimitar!
* * * LOW HITPOINT WARNING * * *
The ynoxinul gestures at you. The iron shot hits you!
You die...

.......
..$.o>.
..#....
##.......
##.oo.....
##.O.......
##5o).......
##o3555......
#.@3##$.....#
#$$.##
#....## #...#
#o.... ##o##
...## ## .##
#


You could see a soul eater, a ynoxinul, 3 orc warriors, an ogre, an orc priest,
an orc (fleeing) and 4 ufetubi.

Vanquished Creatures
  A minotaur (Lab)
  Fannar (D:12)
  4 two-headed ogres
  Pikel (D:6)
  4 gargoyles (Lab)
  2 hornets
  Prince Ribbit (D:7)
  A troll (Orc:1)
  Grinder (D:6)
  3 hippogriffs
  A shadow (Lab)
  A wyvern (D:10)
  A hungry ghost (D:12)
  3 wargs
  A slave (D:6)
  3 orc warriors
  An ice beast (D:7)
  2 sky beasts
  7 phantoms
  4 ogres
  2 centaurs
  2 big kobolds
  6 bullfrogs
  A scorpion (D:4)
  7 killer bees
  9 howler monkeys
  5 wights (D:7)
  4 crimson imps
  A jelly (D:8)
  5 hounds
  6 orc priests
  A gnoll shaman (D:5)
  A bullfrog skeleton (D:7)
  9 orc wizards
  An iguana (D:12)
  6 worker ants
  A hound zombie (D:7)
  2 hound skeletons
  A howler monkey zombie (D:8)
  7 gnolls
  2 worker ant zombies
  4 adders
  An adder zombie (D:6)
  A worm (D:5)
  A dart slug (D:2)
  A leopard gecko (D:8)
  24 orcs
  3 goblins
  A hobgoblin (D:3)
  13 jackals
  2 quokkas
  A bat (D:2)
  2 frilled lizards
  15 kobolds
  A leopard gecko zombie (D:6)
  3 rats
195 creatures vanquished.

Vanquished Creatures (others)
  A slave (D:6)
  A worker ant (D:6)
2 creatures vanquished.

Grand Total: 197 creatures vanquished

Notes
Turn   | Place    | Note
-------+----------+-------------------------------------------
     0 | D:1      | iamserjio the Gargoyle Berserker began the quest for the Orb.
     0 | D:1      | Reached XP level 1. HP: 14/14 MP: 1/1
    21 | D:2      | Reached skill level 3 in Axes
    21 | D:2      | Reached XP level 2. HP: 13/19 MP: 2/2
    90 | D:2      | Reached XP level 3. HP: 6/23 MP: 3/3
   223 | D:1      | You fall through a shaft!
   318 | D:4      | Reached XP level 4. HP: 21/29 MP: 4/4
   333 | D:5      | Entered Level 5 of the Dungeon
   353 | D:5      | Found a deep blue altar of Sif Muna.
   376 | D:5      | Got a steaming granite ring
   385 | D:4      | Identified the ring of Feunacsa {rC+ Str+3 Int+5} (You found it on level 5 of the Dungeon)
   397 | D:4      | Found a transporter.
   405 | D:4      | Found a transporter.
   438 | D:4      | Reached skill level 4 in Axes
   438 | D:4      | Reached XP level 5. HP: 17/33 MP: 5/5
   440 | D:5      | Noticed a hornet
   452 | D:4      | Found a glowing silver altar of Zin.
   495 | D:3      | Found a faded altar of an unknown god.
   556 | D:3      | Reached ** piety under Trog
   590 | D:4      | Found a hide-covered altar of Uskayaw.
   622 | D:5      | Killed a hornet
   622 | D:5      | Reached skill level 5 in Axes
   622 | D:5      | Reached XP level 6. HP: 31/40 MP: 6/6
   676 | D:5      | Noticed an ice beast
   766 | D:5      | Reached skill level 5 in Fighting
   769 | D:5      | Reached XP level 7. HP: 15/44 MP: 7/7
   774 | D:5      | HP: 2/44 [orc wizard/puff of flame (6)]
   984 | D:7      | Noticed a hippogriff
   991 | D:7      | Reached skill level 6 in Axes
   991 | D:7      | Reached skill level 5 in Armour
   995 | D:7      | Killed a hippogriff
   995 | D:7      | Reached XP level 8. HP: 33/51 MP: 8/8
  1000 | D:7      | Noticed Prince Ribbit
  1003 | D:7      | Noticed a hornet
  1229 | D:6      | Found a burning altar of Makhleb.
  1254 | D:6      | Reached skill level 7 in Axes
  1287 | D:6      | Noticed Grinder
  1300 | D:6      | Paralysed by Grinder for 5 turns
  1309 | D:6      | Paralysed by Grinder for 6 turns
  1317 | D:6      | Killed Grinder
  1376 | D:6      | Noticed Pikel
  1407 | D:6      | Killed Pikel
  1407 | D:6      | Reached skill level 8 in Axes
  1407 | D:6      | Reached XP level 9. HP: 54/57 MP: 9/9
  1485 | D:7      | Killed a hornet
  1495 | D:7      | Killed Prince Ribbit
  1495 | D:7      | Reached skill level 1 in Evocations
  1558 | D:7      | Reached skill level 9 in Axes
  1777 | D:8      | Noticed a two-headed ogre
  1786 | D:8      | Killed a two-headed ogre
  1786 | D:8      | Reached XP level 10. HP: 41/65 MP: 11/11
  1792 | D:8      | Found a shadowy altar of Dithmenos.
  1901 | D:9      | Found Tycycik's Antique Armour Shoppe.
  2033 | D:9      | Noticed a two-headed ogre
  2038 | D:9      | Reached *** piety under Trog
  2046 | D:9      | Killed a two-headed ogre
  2046 | D:9      | Reached skill level 10 in Axes
  2071 | D:8      | Found a staircase to the Lair.
  2103 | D:8      | Found a glowing golden altar of the Shining One.
  2291 | D:7      | Found a stormy altar of Qazlal.
  2305 | D:7      | Found a staircase to the Ecumenical Temple.
  2376 | D:10     | Entered Level 10 of the Dungeon
  2517 | D:10     | Reached **** piety under Trog
  2698 | D:11     | Reached XP level 11. HP: 45/71 MP: 12/12
  2820 | D:12     | Noticed Sonja
  2844 | D:12     | Noticed a two-headed ogre
  2930 | D:12     | Noticed a two-headed ogre
  2936 | D:12     | Killed a two-headed ogre
  2936 | D:12     | Reached skill level 11 in Axes
  2971 | D:12     | Found a labyrinth entrance.
  2980 | Lab      | Entered a labyrinth
  3098 | Lab      | Reached skill level 10 in Fighting
  3153 | Lab      | Noticed a minotaur
  3175 | Lab      | Killed a minotaur
  3214 | D:12     | Killed a two-headed ogre
  3219 | D:12     | Reached skill level 10 in Armour
  3293 | D:12     | Noticed Fannar
  3313 | D:12     | Killed Fannar
  3313 | D:12     | Reached skill level 12 in Axes
  3350 | D:12     | Found a staircase to the Orcish Mines.
  3385 | Orc:1    | Entered Level 1 of the Orcish Mines
  3393 | Orc:1    | Noticed an orc high priest
  3399 | Orc:1    | Noticed a soul eater
  3412 | Orc:1    | HP: 2/73 [orc warrior/scimitar[an orc high priest] (8)]
  3412 | Orc:1    | Killed from afar by a ynoxinul

Skill      XL: |  1  2  3  4  5  6  7  8  9 10 11 |
---------------+----------------------------------+-----
Axes           | 3 4 5 6 8 9 10 12 | 12.1
Armour         | 3 4 5 6 8 9 10 | 10.3
Fighting       | 4 5 7 8 9 10 | 10.6
Evocations     | 2 |  2.0
Dodging        | |  1.5

Action                   |  1- 3 |  4- 6 |  7- 9 | 10-12 || total
-------------------------+-------+-------+-------+-------++-------
Melee: Hand axe          |    37 |    98 |     5 |       ||   140
       War axe           |       |       |   195 |   164 ||   359
       Whip              |       |       |    44 |       ||    44
       Battleaxe         |       |       |       |   171 ||   171
Invok: Berserk           |     2 |     3 |     8 |     9 ||    22
       Trog's Hand       |       |     3 |     7 |    10 ||    20
       Brothers in Arms  |       |       |       |     1 ||     1
Evoke: Wand              |       |       |       |     5 ||     5
  Use: Potion            |       |       |     6 |     1 ||     7
       Scroll            |       |       |    11 |     8 ||    19
  Eat: Chunk             |       |     3 |     8 |    12 ||    23
       Ration            |       |       |     2 |     3 ||     5
Armor: Animal skin       |    16 |       |       |       ||    16
       Leather armour    |     2 |    50 |    27 |       ||    79
       Chain mail        |       |       |   152 |   316 ||   468
Dodge: Dodged            |    35 |    69 |   135 |   191 ||   430
